 Dungeon Crawl Stone Soup version 0.32-a0-571-gec57dfcd37 (webtiles) character file.

Game seed: 16895931944674458563

1897044 jestert79 the Pyromancer (level 27, 255/255 HPs)
             Began as a Mountain Dwarf Fire Elementalist on Feb 26, 2024.
             Was the Champion of Vehumet.
             Escaped with the Orb
             ... and 4 runes on Feb 29, 2024!
             The game lasted 09:36:12 (103136 turns).

jestert79 the Pyromancer (MDFE)                   Turns: 103136, Time: 09:36:13

Health: 255/255    AC: 31    Str: 27    XL:     27
Magic:  41/53      EV: 13    Int: 35    God:    Vehumet [******]
Gold:   1928       SH: 14    Dex: 12    Spells: 3/60 levels left

rFire   + + .        o - staff of the Twisting Butterfly {Will+ MP+9 Conj}
rCold   . . .        I - +1 kite shield
rNeg    + . .        H - +9 scale mail "Buprij" {rC- Str+7 Int+3 Stlth+}
rPois   +            S - +2 helmet {Int+3}
rElec   +            w - +2 cloak {Will+}
rCorr   .            h - +2 pair of gloves {hurl}
SInv    .            y - +2 pair of boots {Fly}
Will    +++++        Y - amulet of Ecwakoem {rF++ Regen+ Str+4}
Stlth   +            f - ring of Gegi Yss {rC+ rN+ Int+6}
HPRegen 1.42/turn    L - ring of Rihicla {rElec rPois Will+ Dex+2}
MPRegen 0.33/turn

%: no passive effects
@: flying, studying 2 skills
A: runic magic, artefact enchanting, screaming 1, weak 1
0: Orb of Zot
}: 4/15 runes: serpentine, barnacled, slimy, silver
a: Renounce Religion


You escaped.
You worshipped Vehumet.
Vehumet was exalted by your worship.
You visited 12 branches of the dungeon, and saw 56 of its levels.
You visited 2 bazaars.
You also visited: Trove and Gauntlet.

You collected 9441 gold pieces.
You spent 7513 gold pieces at shops.

Inventory:

Missiles
 u - 6 curare-tipped darts
Armour
 h - a +2 pair of gloves of hurling (worn)
 w - a +2 cloak of willpower (worn)
 y - a +2 pair of boots of flying (worn)
 H - the +9 scale mail "Buprij" (worn) {rC- Str+7 Int+3 Stlth+}
   (You found it on level 3 of the Depths)

   Str+7:     It affects your strength (+7).
   Int+3:     It affects your intelligence (+3).
   rC-:       It makes you vulnerable to cold.
   Stlth+:    It makes you more stealthy.
 I - a +1 kite shield (worn)
 S - a +2 helmet of intelligence (worn)
Magical Staves
 j - a staff of fire
 o - the staff of the Twisting Butterfly (weapon) {Will+ MP+9 Conj}
   (You found it in a treasure trove)

   [staff of conjuration]

   Base accuracy: +5 Base damage: 5 Base attack delay: 1.2 This weapon's minimum
   attack delay (0.6) is reached at skill level 12.
   Will+:     It increases your willpower.
   MP+9:      It affects your magic capacity (+9).
   Conj:      It increases the power of your Conjurations spells.
   It falls into the 'Staves' category.
   It is a one-handed weapon.
Jewellery
 f - the ring of Gegi Yss (left hand) {rC+ rN+ Int+6}
   (You found it on level 5 of the Vaults)

   [ring of positive energy]

   Int+6:     It affects your intelligence (+6).
   rC+:       It protects you from cold.
   rN+:       It protects you from negative energy.
 g - the amulet "Finetsis" {Reflect ^Fragile +Inv rN+ Str+4 SH+5}
   (You took it off a deep elf death mage on level 3 of the Elven Halls)

   [amulet of reflection]

   Reflect:   It reflects blocked missile attacks.
   Str+4:     It affects your strength (+4).
   rN+:       It protects you from negative energy.
   +Inv:      It lets you turn invisible.
   ^Fragile:  It will be destroyed if unequipped.
   SH+5:      It affects your SH (+5).
 v - the ring "Opoluqaa" {*Slow rC+ rN++ Slay+3}
   (You found it on level 5 of the Dungeon)

   [ring of protection from cold]

   Slay+3:    It affects your accuracy & damage with ranged weapons and melee
   (+3).
   rC+:       It protects you from cold.
   rN++:      It greatly protects you from negative energy.
   *Slow:     It may slow you when you take damage.
 x - the ring "Qaruzoeb" {rN++ Int+2 Dex+6}
   (You found it on level 3 of the Crypt)

   [ring of dexterity]

   Int+2:     It affects your intelligence (+2).
   Dex+6:     It affects your dexterity (+6).
   rN++:      It greatly protects you from negative energy.
 L - the ring of Rihicla (right hand) {rElec rPois Will+ Dex+2}
   (You bought it in a shop on level 3 of the Vaults)

   [ring of willpower]

   Dex+2:     It affects your dexterity (+2).
   rElec:     It insulates you from electricity.
   rPois:     It protects you from poison Will+: It increases your willpower.
 O - the ring of Gybrucau {Fly rCorr}
   (You found it on level 3 of the Crypt)

   [ring of flight]

   Fly:       It grants you flight.
   rCorr:     It protects you from acid and corrosion.
 P - the ring "Kotuom" {rPois rC++ MP+9}
   (You found it on level 5 of the Pits of Slime)

   [ring of magical power]

   rC++:      It greatly protects you from cold.
   rPois:     It protects you from poison MP+9: It affects your magic capacity
   (+9).
 Q - a ring of protection from fire
 W - an amulet of magic regeneration
 X - a +6 ring of intelligence
 Y - the amulet of Ecwakoem (around neck) {rF++ Regen+ Str+4}
   (You found it on level 4 of the Realm of Zot)

   [amulet of regeneration]

   Str+4:     It affects your strength (+4).
   rF++:      It greatly protects you from fire.
   Regen+:    It increases your rate of health regeneration.
Wands
 c - a wand of roots (66)
 d - a wand of digging (20)
 T - a wand of light (32)
Scrolls
 e - 6 scrolls of poison
 k - 16 scrolls of fog
 q - 4 scrolls of silence
 t - 8 scrolls of amnesia
 A - 5 scrolls of revelation
 C - 6 scrolls of butterflies
 D - 11 scrolls of fear
 E - 7 scrolls of vulnerability
 G - 24 scrolls of teleportation
 U - 4 scrolls of blinking
 V - 7 scrolls of immolation
Potions
 a - 3 potions of ambrosia
 b - 3 potions of magic
 i - 5 potions of haste
 l - 20 potions of curing
 m - 9 potions of enlightenment
 p - 8 potions of heal wounds
 r - 7 potions of mutation
 s - 4 potions of berserk rage
 z - 11 potions of lignification
 B - 10 potions of might
 K - a potion of attraction
 M - 2 potions of brilliance
 N - 3 potions of resistance
 R - 4 potions of cancellation
Miscellaneous
 n - a phantom mirror
 F - a phial of floods
 J - a box of beasts
 Z - a tin of tremorstones (2/2)


   Skills:
 - Level 22.3 Fighting
 - Level 12.0 Staves
 - Level 10.0 Armour
 - Level 9.0 Dodging
 - Level 1.6 Stealth
 - Level 15.0 Shields
 + Level 17.4 Spellcasting
 - Level 21.2 Conjurations
 - Level 6.1 Hexes
 - Level 25.4 Fire Magic
 * Level 18.9 Earth Magic
 - Level 3.5 Alchemy
 - Level 14.5 Evocations


You had 3 spell levels left.
You knew the following spells:

 Your Spells              Type           Power      Damage    Failure   Level
a - Shatter               Erth           52%        3d39*     21%         9
b - Plasma Beam           Fire/Air       44%        2x1d58    1%          6
d - Stone Arrow           Conj/Erth      100%       3d13      0%          3
e - Bombard               Conj/Erth      65%        9d11      1%          6
f - Ignition              Fire           59%        3d16      1%          8
g - Iskenderun's Mystic   Conj/Tloc      100%       2d19      1%          4
h - Yara's Violent Unrav  Hex/Alch       29%        3d12      2%          5
i - Orb of Destruction    Conj           66%        9d16      1%          7
j - Fire Storm            Conj/Fire      69%        8d17      4%          9

Your spell library contained the following spells:

 Spells                   Type           Power      Damage    Failure   Level
 Maxwell's Capacitive Co  Air            15%        ∞         100%        8
 Polar Vortex             Ice            15%        12d2*     100%        9
 Foxfire                  Conj/Fire      100%       2x1d9     0%          1
 Magic Dart               Conj           100%       1d8       0%          1
 Sandblast                Erth           100%       2d20      0%          1
 Sting                    Conj/Alch      100%       1d9       0%          1
 Scorch                   Fire           100%       2d9       0%          2
 Searing Ray              Conj           100%       2d8       0%          2
 Inner Flame              Hex/Fire       96%        N/A       0%          3
 Passwall                 Erth           100%       N/A       0%          3
 Apportation              Tloc           60%        N/A       1%          1
 Freeze                   Ice            100%       1d10      1%          1
 Necrotise                Necr           100%       1d9       1%          1
 Shock                    Conj/Air       100%       1d9       1%          1
 Summon Small Mammal      Summ           100%       N/A       1%          1
 Ensorcelled Hibernation  Hex/Ice        100%       N/A       1%          2
 Jinxbite                 Hex            100%       N/A       1%          2
 Frozen Ramparts          Ice            60%        1d10      1%          3
 Mephitic Cloud           Conj/Alch/Air  93%        N/A       1%          3
 Sigil of Binding         Hex            65%        N/A       1%          3
 Tukima's Dance           Hex            65%        N/A       1%          3
 Volatile Blastmotes      Fire/Tloc      100%       2d18      1%          3
 Call Imp                 Summ           60%        N/A       3%          2
 Sublimation of Blood     Necr           30%        N/A       3%          2
 Call Canine Familiar     Summ           30%        N/A       6%          3
 Fugue of the Fallen      Necr           30%        N/A       6%          3
 Gell's Gravitas          Tloc           30%        N/A       6%          3
 Ozocubu's Armour         Ice            30%        N/A       6%          3
 Swiftness                Air            30%        N/A       6%          3
 Teleport Other           Tloc           30%        N/A       6%          3
 Brom's Barrelling Bould  Conj/Erth      100%       2d11      0%          4
 Flame Wave               Conj/Fire      100%       2d21      0%          4
 Iskenderun's Battlesphe  Conj           100%       2d15      0%          5
 Lee's Rapid Deconstruct  Erth           52%        3d24*     0%          5
 Starburst                Conj/Fire      69%        6d18      0%          6
 Animate Armour           Summ/Erth      100%       N/A       1%          4
 Cause Fear               Hex            32%        N/A       1%          4
 Fulminant Prism          Conj/Alch      54%        3d23      1%          4
 Ignite Poison            Fire/Alch      93%        N/A       1%          4
 Leda's Liquefaction      Alch/Erth      41%        N/A       1%          4
 Petrify                  Alch/Erth      83%        N/A       1%          4
 Sticky Flame             Fire/Alch      93%        2d14      1%          4
 Summon Blazeheart Golem  Fire/Summ      88%        N/A       1%          4
 Borgnjor's Vile Clutch   Necr/Erth      38%        N/A       1%          5
 Freezing Cloud           Conj/Ice/Air   44%        6-21      1%          5
 Irradiate                Conj/Alch      54%        3d29      1%          5
 Lehudib's Crystal Spear  Conj/Erth      65%        10d15     1%          8
 Airstrike                Air            15%        2d(3-19)  5%          4
 Anguish                  Hex/Necr       25%        N/A       5%          4
 Dimensional Bullseye     Hex/Tloc       25%        N/A       5%          4
 Spellforged Servitor     Conj/Summ      51%        N/A       6%          7
 Alistair's Intoxication  Alch           35%        N/A       13%         5
 Metabolic Englaciation   Hex/Ice        25%        N/A       16%         5
 Animate Dead             Necr           30%        N/A       19%         4
 Manifold Assault         Tloc           30%        N/A       19%         4
 Summon Lightning Spire   Summ/Air       30%        N/A       19%         4
 Enfeeble                 Hex            32%        N/A       78%         7
 Sculpt Simulacrum        Ice/Alch       21%        N/A       82%         6
 Death Channel            Necr           15%        N/A       96%         6
 Dispersal                Tloc           15%        N/A       96%         6
 Summon Cactus Giant      Summ           15%        N/A       96%         6
 Chain Lightning          Conj/Air       51%        3d68      99%         9
 Haunt                    Necr/Summ      15%        N/A       100%        7
 Malign Gateway           Summ/Tloc      15%        N/A       100%        7
 Summon Hydra             Summ           15%        N/A       100%        7
 Borgnjor's Revivificati  Necr           15%        N/A       100%        8
 Infestation              Necr           15%        N/A       100%        8
 Summon Horrible Things   Summ           15%        N/A       100%        8
 Death's Door             Necr           15%        N/A       100%        9


Dungeon Overview and Level Annotations

Branches:
Dungeon (15/15)            Temple (1/1) D:4            Lair (5/5) D:11
 Shoals (4/4) Lair:3        Snake (4/4) Lair:2        Slime (5/5) Lair:4
    Orc (2/2) D:12            Elf (3/3) Orc:2        Vaults (5/5) D:13
  Crypt (3/3) Vaults:3       Tomb (0/3) Crypt:3      Depths (4/4) D:15
    Zot (5/5) Depths:4    Gauntlet (visited)

Altars:
Ashenzari
Cheibriados
Dithmenos
Elyvilon
Fedhas
Gozag
Hepliaklqana
Kikubaaqudgha
Makhleb
Nemelex Xobeh
Okawaru
Qazlal
Ru
Sif Muna
Trog
Uskayaw
Vehumet
Wu Jian
Xom
Yredelemnul
Zin
The Shining One
Jiyva

Shops:
D:3 [:*!   D:4 [(*   D:9 [(   Orc:2 *:*(   Elf:1 =[[:   Elf:3 (   Shoals:3 :
Shoals:4 *   Snake:4 ?(:   Vaults:2 *   Vaults:3 =[   Vaults:4 [[   Vaults:5 *
Depths:1 !

Portals:
Hell: Depths:1 Depths:2 Depths:3 Depths:4
Abyss: Depths:3
Pandemonium: Depths:2 Depths:3
Ziggurat: Depths:3

Annotations:
D:1 2 transporters
D:12 2 runed translucent doors, Cyomat's ghost, journeyman DjFE
D:15 Roxanne
Shoals:3 3 runed translucent doors, exclusion: obsidian statue, Duttonia's ghost, journeyman MeWn
Elf:2 5 runed translucent doors
Vaults:3 1 runed translucent door
Depths:3 3 runed translucent doors
Zot:2 36 runed translucent doors
Zot:4 2 transporters


Innate Abilities, Weirdness & Mutations

Your spellcasting is much less encumbered by armour.
You can use scrolls of enchantment on lesser artefacts.
You occasionally shout uncontrollably at your foes.
You are weak. (Str -2)


Message History

A large abomination comes into view.
You hit the large abomination but do no damage.
You blast the large abomination!!
The large abomination is moderately damaged.
You hit the large abomination but do no damage.
You blast the large abomination.
The large abomination is heavily damaged.
The large abomination hits you.
You completely miss the large abomination.
The large abomination is heavily damaged.
You hit the large abomination but do no damage.
You blast the large abomination!
The large abomination is heavily damaged.
You block the large abomination's attack.
You hit the large abomination but do no damage.
You blast the large abomination!!
You destroy the large abomination!
Vehumet accepts your kill.
You feel your power returning.
A red devil comes into view. It is wielding a +0 trident.
Unknown command.
Unknown command.
Unknown command.
Casting: Bombard (safe; 1% risk of failure)
Confirm with . or Enter, or press ? or * to list all spells.
Aiming: Orb of Destruction (mildly dangerous; 1% risk of failure)
Press: ? - help, Shift-Dir - straight line, f - red devil
Aim: a red devil, wielding a +0 trident (water)
You feel a surge of power!
Unknown command.
Unknown command.
The orb of destruction hits the red devil!!!
You blow up the red devil!
Vehumet accepts your kill.
You hear a splash.
There is a transporter landing site here.
There is a fountain of blood here.
There is a staircase leading out of the dungeon here.
There is a staircase leading out of the dungeon here.
You have escaped!

.........#......####
.........######.#
.........# ####.#####
.........###≈≈≈.~≈~≈##
.........##≈≈≈≈≈.≈≈≈~#
.........#≈≈≈≈≈≈≈.≈≈≈#
.....#####≈≈≈≈~~.~~≈≈#
.....# ##≈≈≈≈~...~≈≈#
#....# #≈≈≈≈~.©@©.~≈#
#....# #≈≈≈≈~~.⌠.~≈≈#
#....####~≈≈≈≈≈~~~~≈≈#
......##~≈≈≈≈≈≈≈≈≈≈≈≈#
......##≈≈~~~~≈≈≈≈≈~##
......##≈≈~.⌠.~~≈≈≈≈#
......##≈~.©>©.~≈≈≈~#
##
......##≈≈~...~≈≈≈~##
#.
##.#####≈≈~~.~~≈≈≈≈#
#.


There were no monsters in sight!

Vanquished Creatures
  the Royal Jelly (Slime:5)
  Frederick (Vaults:3)
  4 orbs of fire
  3 dread liches
  Mara (Vaults:2)
  5 ancient liches
  A juggernaut (Depths:2)
  Sojobo (Depths:1)
  Josephina (Crypt:3)
  Vv (Depths:2)
  6 Killer Klowns (Zot:5)
  12 caustic shrikes
  Nikola (Shoals:3)
  3 curse toes (Zot:3)
  A pandemonium lord (D:15)
  Norris (Vaults:1)
  the Enchantress (Depths:1)
  10 golden dragons
  2 bone dragons
  A profane servitor (Crypt:3)
  A Tzitzimitl (D:1)
  5 electric golems
  Zenata (Vaults:3)
  21 tentacled monstrosities
  A walking crystal tome (Depths:3)
  9 liches
  An Ice Fiend (D:5)
  Mlioglotl (Shoals:1)
  23 Orb Guardians (Zot:5)
  4 quicksilver dragons
  4 titans
  2 deep elf blademasters
  11 acid blobs
  2 deep elf master archers (Elf:3)
  9 death cobs
  5 ancient champions
  5 sphinxes
  An Executioner (Zot:5)
  Polyphemus (Shoals:2)
  2 krakens (Shoals:4)
  12 storm dragons
  15 shadow dragons
  10 azure jellies
  12 rockslimes
  6 draconian monks
  10 tengu reavers
  2 revenants
  15 fire giants
  4 nagarajas
  Ilsuiw (Shoals:4)
  An emperor scorpion (D:15)
  4 draconian shifters
  2 draconian knights (Zot:4)
  4 ghost moths
  9 deep elf elementalists
  13 frost giants
  An iron dragon (Depths:3)
  3 deep elf sorcerers (Elf:3)
  18 vault wardens
  A curse skull (Crypt:3)
  3 draconian stormcallers
  3 draconian scorchers
  5 spectral caustic shrikes (Depths:4)
  An orc warlord (Vaults:3)
  A cacodemon (Zot:4)
  A ghoul (Crypt:3)
  7 spriggan defenders
  21 very ugly things
  7 quicksilver oozes
  17 ironbound preservers
  23 stone giants
  A draconian annihilator (Depths:4)
  Nessos (D:15)
  6 ironbound thunderhulks
  18 deep elf death magi
  12 dire elephants
  11 red draconians
  6 green draconians
  3 deep elf demonologists
  2 purple draconians
  5 yellow draconians
  13 spark wasps
  12 vampire knights
  9 deep elf annihilators
  2 war gargoyles
  4 black draconians
  Snorg (D:10)
  A minotaur (Gauntlet)
  5 white draconians
  4 eidola
  A blizzard demon (Depths:2)
  11 ettins
  15 jiangshi
  A spectral spriggan (Crypt:3)
  11 merfolk impalers
  2 merfolk javelineers (Shoals:4)
  14 yaktaur captains
  3 crystal guardians
  5 rakshasas (Depths:3)
  8 great orbs of eyes
  4 deep elf high priests
  36 vault guards
  Harold (Orc:1)
  9 fire dragons
  4 hydras
  3 salamander tyrants
  2 hell beasts (Zot:2)
  3 peacekeepers
  4 boulder beetles
  2 merfolk avatars
  4 alligator snapping turtles
  22 ice dragons
  8 spriggan air magi
  6 merfolk aquamancers
  6 catoblepae
  3 death knights
  5 ironbound frosthearts
  13 centaur warriors
  15 dancing weapons
  13 anacondas
  4 satyrs
  5 tengu warriors
  A sphinx skeleton (Depths:1)
  A quicksilver ooze zombie (Crypt:2)
  25 death yaks
  3 two-headed ogres
  2 bennu skeletons
  7 deep troll shamans
  2 orc high priests (Orc:2)
  5 vampire magi
  Urug (Lair:5)
  13 naga sharpshooters
  11 deep troll earth magi
  An occultist (Depths:1)
  6 spriggan berserkers
  Nergalle (Orc:1)
  6 naga warriors
  13 shock serpents
  A soul eater (Gauntlet)
  23 hell knights
  8 skysharks
  16 deep elf knights
  7 iron trolls
  A skyshark (shapeshifter) (D:15)
  4 salamander mystics
  48 skeletal warriors
  5 shadow wraiths (Crypt:3)
  14 sea snakes
  2 spriggan druids (Depths:4)
  A mana viper (shapeshifter) (Vaults:3)
  4 flayed ghosts
  4 bog bodies (Crypt:3)
  2 shock serpents (shapeshifter)
  A shadow demon (Depths:2)
  7 naga ritualists
  3 arcanists
  2 iron giant skeletons (Crypt:2)
  15 mana vipers
  13 necromancers
  2 anaconda skeletons
  4 glowing orange brains
  A glowing orange brain (shapeshifter) (Depths:3)
  12 lindwurms
  57 deep trolls
  14 deep elf archers
  A swamp dragon (Lair:5)
  7 orc knights
  12 ironbound convokers
  3 large abominations
  5 phantasmal warriors
  A lindwurm (shapeshifter) (Vaults:5)
  3 wolf spiders
  12 deep elf zephyrmancers
  22 harpies
  2 thermic dynamos (Elf:2)
  A cyclops (shapeshifter) (Depths:3)
  23 deep elf pyromancers
  5 orc sorcerers
  4 shining eyes
  A shining eye (shapeshifter) (Depths:4)
  A shadow dragon skeleton (Vaults:3)
  A frost giant zombie (Vaults:3)
  3 tengu skeletons
  2 iron dragon skeletons
  7 cyclopes
  21 ugly things
  19 moths of wrath
  9 manticores
  18 fauns
  6 salamanders
  14 elephants
  49 black mambas
  16 vault sentinels
  3 meliai (D:15)
  8 kobold blastminers
  16 cane toads
  A black mamba (shapeshifter) (Depths:3)
  10 guardian serpents
  8 water nymphs
  2 fire giant skeletons (Vaults:3)
  9 merfolk sirens
  An eye of devastation (Slime:3)
  A gargoyle (D:13)
  9 naga magi
  3 smoke demons (D:10)
  3 unseen horrors
  An eye of devastation (shapeshifter) (Vaults:5)
  2 storm dragon simulacra
  49 yaktaurs
  Maggie (D:7)
  A kobold demonologist (D:12)
  5 rime drakes
  A swamp worm zombie (Crypt:1)
  8 freezing wraiths
  7 tengu conjurers
  5 human skeletons (Vaults:3)
  15 komodo dragons
  A purple draconian zombie (Crypt:2)
  4 trolls
  2 red devils
  2 polar bears
  2 hellwings (D:10)
  26 merfolk
  A wolf spider simulacrum (Gauntlet)
  21 blink frogs
  9 hornets
  43 dream sheep
  5 glass eyes
  A dream sheep (shapeshifter) (Depths:3)
  A meliai zombie (Crypt:1)
  A glass eye (shapeshifter) (D:15)
  5 wind drakes
  75 slime creatures
  7 snapping turtles
  2 stone giant simulacra
  3 human simulacra
  3 air elementals
  5 centaur simulacra
  4 shadows
  Sigmund (D:5)
  4 wraiths
  15 water elementals
  2 spriggan skeletons (Depths:1)
  A vampire (D:13)
  7 spriggans
  15 wyverns
  49 yaks
  2 fire elementals
  10 basilisks
  3 wargs
  A human (shapeshifter) (D:15)
  6 golden eyes (Slime:4)
  5 humans
  2 redbacks (Lair:5)
  4 steam dragons
  Grum (D:10)
  2 neqoxecs (D:15)
  4 vampire mosquitoes (D:11)
  5 chaos spawn (Elf:1)
  Menkaure (D:4)
  33 nagas
  A harpy simulacrum (Gauntlet)
  2 swamp worms (shapeshifter)
  2 acid dragons
  A glowing shapeshifter skeleton (Vaults:3)
  A hydra simulacrum (Crypt:3)
  19 water moccasins
  Duvessa (D:5)
  4 swamp drakes (Lair:5)
  A two-headed ogre skeleton (Crypt:2)
  22 orc warriors
  5 black bears
  An ice beast (shapeshifter) (Depths:4)
  A redback (shapeshifter) (Depths:3)
  2 sky beasts
  An ice dragon simulacrum (Gauntlet)
  3 ice beasts
  16 laughing skulls
  2 ogres (Orc:2)
  5 boggarts (Vaults:1)
  10 centaurs
  15 wolves
  2 phantoms
  2 kobold brigands
  A weeping skull (Crypt:3)
  6 gnoll sergeants
  7 bullfrogs
  3 earth elementals
  6 scorpions
  A yaktaur skeleton (Crypt:2)
  3 small abominations (Crypt:3)
  4 burial acolytes (Crypt:3)
  Dowan (D:5)
  7 electric eels
  6 howler monkeys
  A lava snake (D:10)
  7 jellies
  4 gnoll boudas
  6 hounds
  26 orc priests
  A bullfrog skeleton (Crypt:1)
  A basilisk skeleton (Crypt:2)
  6 iguanas
  42 orc wizards
  14 hell rats
  6 mutant beasts (D:10)
  37 gnolls
  12 adders
  A howler monkey skeleton (Crypt:1)
  6 shadow imps
  5 white imps
  An ufetubus (D:5)
  2 dart slugs
  5 ribbon worms
  66 orcs
  3 endoplasms
  5 giant cockroaches
  4 goblins
  8 hobgoblins
  6 jackals (D:9)
  3 quokkas
  8 ball pythons
  A ball python skeleton (Crypt:1)
  6 bats
  3 frilled lizards
  19 kobolds
  2 rats
  2 fire vortices (Vaults:5)
  A foxfire (Vaults:1)
  A spectral weapon (Vaults:5)
  12 tentacles (Shoals:4)
2456 creatures vanquished.

Vanquished Creatures (collateral kills)
  A juggernaut (Depths:4)
  A deep elf death mage (Vaults:5)
  A vault guard (Vaults:5)
  A gargoyle (D:11)
  A human (shapeshifter) (Depths:4)
  A yak (D:10)
  5 foxfires
11 creatures vanquished.

Vanquished Creatures (others)
  A golden dragon (Vaults:5)
  2 tengu reavers (Vaults:5)
  A white draconian (Zot:4)
  A salamander tyrant (Snake:4)
  A hell knight (Vaults:5)
  A naga (Snake:1)
  An orc (Vaults:5)
  30 fire vortices
  1258 foxfires
  8 tentacles (Shoals:4)
1304 creatures vanquished.

Grand Total: 3771 creatures vanquished

Notes
Turn   | Place    | Note
-------+----------+-------------------------------------------
     0 | D:1      | jestert79 the Mountain Dwarf Fire Elementalist began the
                  | quest for the Orb.
     0 | D:1      | Reached XP level 1. HP: 14/14 MP: 3/3
    64 | D:1      | Reached skill level 1 in Conjurations
   304 | D:1      | Reached XP level 2. HP: 17/20 MP: 1/4
   829 | D:2      | Found a sparkling altar of Nemelex Xobeh.
   861 | D:2      | Learned a level 2 spell: Scorch
   946 | D:2      | Reached skill level 4 in Fire Magic
  1564 | D:2      | Reached XP level 3. HP: 26/26 MP: 4/6
  1643 | D:3      | Found Qujin's Book Emporium.
  1697 | D:3      | Found Gueggat's Distillery.
  1799 | D:3      | Found a shadowy altar of Dithmenos.
  1846 | D:3      | Found Cudupp's General Store.
  1900 | D:3      | Bought a potion of degeneration for 13 gold pieces
  1900 | D:3      | Bought a scroll of identify for 26 gold pieces
  1909 | D:3      | Reached XP level 4. HP: 29/33 MP: 2/7
  2107 | D:3      | Found an opulent altar of Gozag.
  2186 | D:3      | Found Nenahac's Armour Emporium.
  2363 | D:4      | Found Xomm's Antique Armour Emporium.
  2436 | D:4      | Noticed a scorpion
  2553 | D:4      | Reached skill level 1 in Staves
  2619 | D:4      | Noticed a black bear
  2620 | D:4      | Found a staircase to the Ecumenical Temple.
  2640 | D:4      | Reached skill level 5 in Fire Magic
  2640 | D:4      | Reached XP level 5. HP: 38/38 MP: 1/8
  2715 | D:4      | Killed a black bear
  2796 | Temple   | Entered the Ecumenical Temple
  2822 | Temple   | Became a worshipper of Vehumet
  2854 | D:4      | Found Gaiteuso's Antique Weapon Emporium.
  2903 | D:4      | Reached XP level 6. HP: 45/45 MP: 4/9
  3254 | D:4      | Found a shimmering altar of Xom.
  3408 | D:4      | Found Eczompeu's Assorted Antiques.
  3485 | D:4      | Reached skill level 6 in Fire Magic
  3567 | D:4      | Noticed Menkaure
  3570 | D:4      | Killed Menkaure
  3571 | D:4      | Reached XP level 7. HP: 50/50 MP: 4/11
  3575 | D:4      | Identified the +3 hand axe "Hutoer" {venom, rF+ Int+3}
  3771 | D:5      | Entered Level 5 of the Dungeon
  3802 | D:5      | Found a basalt altar of Yredelemnul.
  3839 | D:5      | Found a broken altar of Ashenzari.
  4136 | D:5      | Found a sparkling altar of Nemelex Xobeh.
  4217 | D:5      | Noticed Sigmund
  4235 | D:5      | Killed Sigmund
  4236 | D:5      | Reached skill level 1 in Fighting
  4236 | D:5      | Reached skill level 1 in Armour
  4236 | D:5      | Reached skill level 7 in Fire Magic
  4236 | D:5      | Reached XP level 8. HP: 59/59 MP: 9/12
  4315 | D:5      | Identified the ring "Opoluqaa" {*Slow rC+ rN++ Slay+3}
  4467 | D:5      | Found a glowing golden altar of the Shining One.
  4617 | D:5      | Noticed Duvessa
  4618 | D:5      | Noticed Dowan
  4622 | D:5      | Killed Duvessa
  4640 | D:5      | Killed Dowan
  4699 | D:5      | Reached skill level 5 in Conjurations
  4764 | D:5      | Learned a level 4 spell: Flame Wave
  5082 | D:6      | Reached * piety under Vehumet
  5082 | D:6      | Offered knowledge of Sandblast by Vehumet.
  5185 | D:6      | Reached skill level 8 in Fire Magic
  5392 | D:6      | Identified the +1 ring mail "Nerphuje" {rPois rC+ MP+9}
  5847 | D:6      | Reached XP level 9. HP: 72/72 MP: 13/13
  6086 | D:7      | Noticed Maggie
  6112 | D:7      | Killed Maggie
  6113 | D:7      | Reached skill level 5 in Fighting
  6481 | D:7      | Reached skill level 5 in Staves
  6930 | D:7      | Reached skill level 1 in Shields
  7206 | D:7      | Found a snail-covered altar of Cheibriados.
  7311 | D:8      | Offered knowledge of Freeze by Vehumet.
  7314 | D:8      | Reached ** piety under Vehumet
  7530 | D:8      | Reached skill level 5 in Evocations
  7624 | D:4      | Bought a translucent chain mail for 228 gold pieces
  7624 | D:4      | Identified the +1 chain mail of Ihev {Rampage rF+ rN+} (You
                  | bought it in a shop on level 4 of the Dungeon)
  7932 | D:8      | Found a burning altar of Makhleb.
  8206 | D:9      | Reached XP level 10. HP: 83/83 MP: 11/14
  8351 | D:9      | Found a sacrificial altar of Ru.
  8355 | D:9      | Found Wyqolatrur's Antique Armour Shoppe.
  8444 | D:9      | Offered knowledge of Stone Arrow by Vehumet.
  8449 | D:9      | Learned a level 3 spell: Stone Arrow
  8468 | D:8      | Reached skill level 1 in Earth Magic
  8560 | D:9      | Reached *** piety under Vehumet
  8561 | D:9      | Reached skill level 5 in Shields
  8954 | D:9      | Found Uzum's Antique Weapon Boutique.
  8961 | D:9      | Offered knowledge of Fulminant Prism by Vehumet.
  8998 | D:9      | Reached skill level 9 in Fire Magic
  9268 | D:10     | Entered Level 10 of the Dungeon
  9285 | D:10     | Noticed Grum
  9289 | D:10     | Killed Grum
  9592 | D:10     | Found a hide-covered altar of Uskayaw.
  9691 | D:10     | Identified the +3 spear "Vaemiaw" {venom, *Noise rF+ Dex+5}
  9692 | D:10     | Noticed a two-headed ogre
  9698 | D:10     | Killed a two-headed ogre
  9986 | D:10     | Identified the +1 chain mail of the Snake Pit {rPois}
  9998 | D:10     | Noticed a juvenile batweird beast
 10004 | D:10     | Killed a juvenile batweird beast
 10005 | D:10     | Reached skill level 5 in Armour
 10005 | D:10     | Reached XP level 11. HP: 75/91 MP: 17/17
 10090 | D:10     | Found a white marble altar of Elyvilon.
 10116 | D:10     | Noticed a two-headed ogre
 10120 | D:10     | Killed a two-headed ogre
 10428 | D:10     | Noticed Snorg
 10460 | D:10     | Reached **** piety under Vehumet
 10461 | D:10     | Killed Snorg
 10462 | D:10     | Reached skill level 10 in Fire Magic
 10829 | D:11     | Offered knowledge of Arcjolt by Vehumet.
 11147 | D:11     | Noticed a death yak
 11310 | D:11     | Reached skill level 5 in Spellcasting
 11439 | D:11     | Found a staircase to the Lair.
 11740 | D:11     | Noticed a death yak
 11740 | D:11     | Noticed a death yak
 11742 | D:11     | Noticed a death yak
 11743 | D:11     | Noticed a death yak
 11743 | D:11     | Noticed a death yak
 12429 | D:11     | Killed a death yak
 12531 | D:11     | Killed a death yak
 12690 | D:11     | Reached XP level 12. HP: 99/103 MP: 16/19
 13009 | D:11     | Killed a death yak
 13012 | D:11     | Killed a death yak
 13013 | D:11     | Reached skill level 5 in Earth Magic
 13015 | D:11     | HP: 1/103 [death yak (18)]
 13016 | D:11     | Killed a death yak
 13018 | D:11     | Killed a death yak
 13317 | Lair:1   | Entered Level 1 of the Lair of Beasts
 13813 | D:4      | Bought a curved bone wand for 72 gold pieces
 13813 | D:4      | Bought a bubbling pink potion for 16 gold pieces
 13813 | D:4      | Bought a scroll labelled KERGHOEH GOAN for 18 gold pieces
 13813 | D:4      | Bought a viscous ruby potion for 16 gold pieces
 13813 | D:4      | Bought a fuming puce potion for 16 gold pieces
 14343 | Lair:1   | Reached ***** piety under Vehumet
 14352 | Lair:1   | Offered knowledge of Bombard by Vehumet.
 14360 | Lair:1   | Learned a level 6 spell: Bombard
 14607 | Lair:1   | Reached skill level 10 in Fighting
 14944 | Lair:1   | Noticed a catoblepas
 14965 | Lair:1   | Killed a catoblepas
 15599 | Lair:2   | Reached XP level 13. HP: 105/113 MP: 10/22
 16535 | Lair:2   | Found a staircase to the Snake Pit.
 16734 | Lair:2   | Learned a level 8 spell: Ignition
 16757 | Lair:3   | Found a staircase to the Shoals.
 16886 | Lair:3   | Reached skill level 11 in Fire Magic
 17358 | Lair:3   | Identified the +11 hand axe of Discretion {freeze, rC- rN++
                  | Str-5 Dex+2}
 17678 | Lair:4   | Found a viscous altar of Jiyva.
 17806 | Lair:3   | Reached skill level 10 in Conjurations
 18072 | Lair:4   | Found a staircase to the Slime Pits.
 18235 | Lair:4   | Offered knowledge of Plasma Beam by Vehumet.
 18288 | Lair:4   | Reached skill level 10 in Earth Magic
 18665 | Lair:4   | Reached skill level 12 in Fire Magic
 19140 | Lair:5   | Entered Level 5 of the Lair of Beasts
 19180 | Slime:1  | Entered Level 1 of the Pits of Slime
 19180 | Slime:1  | Noticed an acid blob
 19180 | Slime:1  | Noticed a quicksilver ooze
 19312 | Lair:4   | Reached XP level 14. HP: 71/121 MP: 21/24
 19369 | Lair:5   | Noticed Urug
 19426 | Lair:5   | Killed Urug
 19623 | Lair:5   | Reached skill level 13 in Fire Magic
 20019 | Lair:5   | Reached skill level 14 in Fire Magic
 20428 | Lair:5   | Reached skill level 15 in Fire Magic
 20943 | Lair:5   | Reached skill level 16 in Fire Magic
 20944 | Lair:5   | Offered knowledge of Lee's Rapid Deconstruction by Vehumet.
 21489 | Lair:5   | Reached skill level 17 in Fire Magic
 21640 | Lair:5   | Reached XP level 15. HP: 126/126 MP: 27/27
 22587 | D:12     | Found a portal to a secret trove of treasure.
 22625 | D:12     | Found a large runed translucent door.
 22625 | D:12     | Found a large runed translucent door.
 22632 | D:12     | Noticed Cyomat's ghost (journeyman DjFE)
 22676 | D:12     | Reached skill level 18 in Fire Magic
 23175 | D:12     | Found a staircase to the Orcish Mines.
 23297 | D:12     | Offered knowledge of Orb of Destruction by Vehumet.
 23807 | Orc:1    | Entered Level 1 of the Orcish Mines
 23807 | Orc:1    | Noticed Harold
 23810 | Orc:1    | Killed Harold
 24102 | Orc:2    | Entered Level 2 of the Orcish Mines
 24109 | Orc:2    | Found a flickering gateway to a bazaar.
 24134 | Bazaar   | Entered a bazaar
 24241 | Bazaar   | Found Saclo's Antique Weapon Shop.
 24249 | Bazaar   | Found Lyfenir's General Store.
 24257 | Bazaar   | Bought a scroll of identify for 30 gold pieces
 24260 | Bazaar   | Found Tilagh's Armour Emporium.
 24278 | Bazaar   | Found Sogymav's Armour Boutique.
 24297 | Bazaar   | Bought a +2 pair of boots for 231 gold pieces
 24328 | Bazaar   | Reached XP level 16. HP: 136/136 MP: 28/28
 24754 | Orc:2    | Reached ****** piety under Vehumet
 25029 | Orc:2    | Found a staircase to the Elven Halls.
 25198 | Orc:2    | Found Emoy's General Store.
 25198 | Orc:2    | Found Inwuivei's Book Shoppe.
 25199 | Orc:2    | Found Arhem's Antique Weapon Emporium.
 25204 | Orc:2    | Found Evav's General Store.
 25207 | Orc:2    | Bought a scroll of identify for 28 gold pieces
 25348 | Orc:1    | Offered knowledge of Ozocubu's Refrigeration by Vehumet.
 25525 | Orc:1    | Noticed Nergalle
 25528 | Orc:1    | Killed Nergalle
 27766 | D:13     | Reached skill level 10 in Staves
 27910 | D:13     | Found a gate to the Vaults.
 28115 | Orc:2    | Bought a scroll of identify for 28 gold pieces
 28504 | D:14     | Found a gate leading to a gauntlet.
 28513 | Gauntlet | Entered a Gauntlet
 28513 | Gauntlet | Found a transporter.
 28513 | Gauntlet | Found a runed translucent door.
 28537 | Gauntlet | Found a runed translucent door.
 28541 | Gauntlet | Found a transporter.
 28543 | Gauntlet | Found a transporter.
 28554 | Gauntlet | Found a transporter.
 28557 | Gauntlet | Found a transporter.
 28568 | Gauntlet | Found a transporter.
 28587 | Gauntlet | Found a transporter.
 28595 | Gauntlet | Found a transporter.
 28606 | Gauntlet | Found a transporter.
 28611 | Gauntlet | Found a transporter.
 28639 | Gauntlet | Found a transporter.
 28696 | Gauntlet | Found a transporter.
 28697 | Gauntlet | Found a transporter.
 28914 | Gauntlet | Found a transporter.
 30105 | D:15     | Entered Level 15 of the Dungeon
 30176 | D:15     | Reached XP level 17. HP: 122/146 MP: 25/30
 30300 | D:15     | Noticed Nessos
 30309 | D:15     | Killed Nessos
 30652 | D:15     | Noticed Roxanne
 30732 | D:15     | Offered knowledge of Fireball by Vehumet.
 31550 | D:15     | Found a staircase to the Depths.
 31902 | Snake:1  | Entered Level 1 of the Snake Pit
 33116 | Snake:1  | Reached skill level 19 in Fire Magic
 33892 | Snake:1  | Learned a level 4 spell: Iskenderun's Mystic Blast
 33913 | Snake:1  | Identified the +1 dagger "Meos" {venom, Will+ Dex+2}
 34499 | Snake:1  | Offered knowledge of Lehudib's Crystal Spear by Vehumet.
 35747 | Snake:2  | Reached skill level 20 in Fire Magic
 36983 | Snake:3  | Reached XP level 18. HP: 156/156 MP: 31/31
 37919 | Snake:4  | Entered Level 4 of the Snake Pit
 38126 | Snake:4  | Found Giso Vesee's Weapon Boutique.
 38131 | Snake:4  | Found Ugiaki Ruz's Book Boutique.
 38141 | Snake:4  | Bought a book of Dangerous Friends for 546 gold pieces
 38141 | Snake:4  | Bought a manual of Hexes for 1040 gold pieces
 38147 | Snake:4  | Learned a level 5 spell: Yara's Violent Unravelling
 38240 | Snake:4  | Reached skill level 1 in Hexes
 38551 | Snake:4  | Reached skill level 1 in Alchemy
 38852 | Snake:4  | Found Mowim's Magic Scroll Shoppe.
 38872 | Snake:4  | Bought 2 scrolls of enchant armour for 285 gold pieces
 39178 | Snake:4  | Offered knowledge of Lehudib's Crystal Spear by Vehumet.
 39178 | Snake:4  | Offered knowledge of Polar Vortex by Vehumet.
 39178 | Snake:4  | Offered knowledge of Maxwell's Capacitive Coupling by
                  | Vehumet.
 39744 | Snake:4  | Reached skill level 10 in Spellcasting
 40116 | Snake:4  | Reached skill level 5 in Hexes
 40276 | Snake:4  | Got a serpentine rune of Zot
 40376 | Snake:4  | Upgraded the game from 0.32-a0-485-g70f7560b1c to
                  | 0.32-a0-520-g344ed53f66
 40549 | Shoals:1 | Entered Level 1 of the Shoals
 40558 | Shoals:1 | Identified a scroll of acquirement
 40565 | Lair:3   | Acquired a book of Armaments
 40579 | Shoals:1 | Noticed Mlioglotl
 40585 | Shoals:1 | Killed Mlioglotl
 41774 | Shoals:2 | Noticed Polyphemus
 41780 | Shoals:2 | Killed Polyphemus
 42074 | Shoals:2 | Reached skill level 5 in Dodging
 43524 | Shoals:3 | Reached XP level 19. HP: 165/167 MP: 9/33
 43783 | Shoals:3 | Found Ruips's Book Shop.
 43793 | Shoals:3 | Noticed Nikola
 43807 | Shoals:3 | Killed Nikola
 43813 | Shoals:3 | Reached skill level 10 in Shields
 44018 | Shoals:3 | Identified the +3 leather armour of Joism {rC+ Will- Int+7}
 44055 | Shoals:3 | Found a runed translucent gate.
 44055 | Shoals:3 | Found a runed translucent gate.
 44251 | Shoals:3 | Found a runed translucent gate.
 44253 | Shoals:3 | Found an opulent altar of Gozag.
 44253 | Shoals:3 | Found Kolo's Assorted Antiques.
 44254 | Shoals:3 | Noticed Duttonia's ghost (journeyman MeWn)
 44423 | Shoals:4 | Entered Level 4 of the Shoals
 44423 | Shoals:4 | Noticed Ilsuiw
 44427 | Shoals:4 | Killed Ilsuiw
 45557 | Shoals:4 | Learned a level 7 spell: Orb of Destruction
 45994 | Shoals:4 | Got a barnacled rune of Zot
 46254 | Shoals:4 | Found Ymipnos's Assorted Antiques.
 46948 | Shoals:4 | Identified the +0 leather armour of Discretion {rPois Int+5
                  | SInv}
 47278 | Vaults:1 | Entered Level 1 of the Vaults
 48046 | Vaults:1 | Noticed Norris
 48056 | Vaults:1 | Killed Norris
 49307 | Vaults:1 | Identified the +7 arbalest "Hydrabane" {drain, rPois Will-
                  | rCorr Dex+4}
 49660 | Vaults:1 | Found the +18 shield of the Gong {Loud rN+ Will+ rCorr
                  | EV-5}
 50125 | Vaults:2 | Reached XP level 20. HP: 158/176 MP: 30/35
 50273 | Vaults:2 | Noticed Mara
 50865 | Vaults:2 | Reached skill level 15 in Conjurations
 51249 | Vaults:2 | Noticed jestert79's illusion
 51494 | Vaults:2 | Noticed jestert79's illusion
 51496 | Vaults:2 | Killed Mara
 52930 | Vaults:2 | Found Ucimm's Assorted Antiques.
 52939 | Vaults:2 | Bought a potion of brilliance for 120 gold pieces
 53282 | D:4      | Bought a shiny chain mail for 135 gold pieces
 53644 | Vaults:3 | Found Biycetz's Armour Shop.
 53704 | Vaults:3 | Found a runed translucent door.
 53749 | Vaults:3 | Found a flickering gateway to a bazaar.
 53773 | Bazaar   | Entered a bazaar
 53842 | Bazaar   | Found Areit's Antique Armour Emporium.
 53857 | Bazaar   | Found Pujutawn's Antique Armour Emporium.
 53888 | Bazaar   | Found Hakaet's Antique Armour Boutique.
 53941 | Bazaar   | Bought a faintly humming plate armour for 784 gold pieces
 53941 | Bazaar   | Identified the +0 plate armour of Free Will {+Blink Dex+2}
                  | (You bought it in a shop in a bazaar)
 54191 | Vaults:3 | Found Pellogh's Jewellery Emporium.
 54202 | Vaults:3 | Noticed Zenata
 54215 | Vaults:3 | Killed Zenata
 54324 | Vaults:3 | Identified the orb "Xixuohy" {light, -Cast rN++ Dex-4 SInv}
 54324 | Vaults:3 | Noticed Frederick
 54334 | Vaults:3 | HP: 6/177 [ironbound thunderhulk/bolt of lightning (45)]
 54513 | Vaults:3 | Reached skill level 15 in Fighting
 54890 | Elf:1    | Entered Level 1 of the Elven Halls
 54926 | Elf:1    | Found Huosusore's Armour Shoppe.
 54936 | Elf:1    | Found Isoloq's Antique Armour Emporium.
 54940 | Elf:1    | Found Ciw Ceeklori's Jewellery Shoppe.
 55786 | Elf:1    | Found Getep's Tiny Tomes.
 56295 | Elf:1    | Paralysed by an air elemental for 1 turns
 56297 | Elf:1    | Paralysed by an air elemental for 1 turns
 57265 | Elf:2    | Reached XP level 21. HP: 187/187 MP: 37/37
 57284 | Elf:2    | Found a huge runed translucent gate.
 57284 | Elf:2    | Found a huge runed translucent gate.
 57285 | Elf:2    | Found a huge runed translucent gate.
 57295 | Elf:2    | Found a huge runed translucent gate.
 57298 | Elf:2    | Found a huge runed translucent gate.
 57650 | Elf:3    | Entered Level 3 of the Elven Halls
 59265 | Elf:3    | Identified the +9 short sword of the Dwarven Hall {heavy,
                  | Will+ Int+4}
 59265 | Elf:3    | Identified the amulet "Finetsis" {Reflect ^Fragile +Inv rN+
                  | Str+4 SH+5}
 59940 | Elf:3    | Found Emopnesyn's Antique Weapon Boutique.
 60106 | Elf:3    | Identified the +5 rapier "Wacocs" {flame, MP-9 Str+3}
 60864 | Vaults:3 | Killed Frederick
 62357 | Vaults:3 | Found a staircase to the Crypt.
 63019 | Vaults:4 | Reached XP level 22. HP: 200/200 MP: 39/39
 63599 | Vaults:4 | Found Diabyush's Armour Shoppe.
 63825 | Vaults:4 | Found Xoruretial's Antique Armour Shoppe.
 63830 | Vaults:4 | Bought a pair of embroidered gloves for 277 gold pieces
 64179 | Crypt:1  | Entered Level 1 of the Crypt
 66215 | Crypt:3  | Entered Level 3 of the Crypt
 66793 | Crypt:3  | Reached skill level 21 in Fire Magic
 66923 | Crypt:3  | Found a basalt altar of Yredelemnul.
 68422 | Crypt:3  | Identified the ring of Gybrucau {Fly rCorr}
 68841 | Crypt:3  | Identified the +10 falchion of Biklecli {heavy, *Rage rPois
                  | rCorr Dex+3}
 68841 | Crypt:3  | Identified the ring of Omec {Ice Str+4}
 68841 | Crypt:3  | Noticed Josephina
 68847 | Crypt:3  | Killed Josephina
 69213 | Crypt:3  | Identified the +8 great mace "Kaskasiv" {venom, *Corrode
                  | rF+++ Str+5 Int-2}
 69307 | Crypt:3  | Identified the ring "Qaruzoeb" {rN++ Int+2 Dex+6}
 69307 | Crypt:3  | Identified the ring of Free Will {rN++ MP+9}
 69309 | Crypt:3  | Identified the +4 flail "Wojuezops" {freeze, Int+5}
 69367 | Crypt:3  | Found a staircase to the Tomb.
 69692 | Vaults:3 | Bought the ring of Rihicla {rElec rPois Will+ Dex+2} for
                  | 948 gold pieces
 69933 | Depths:1 | Entered Level 1 of the Depths
 69934 | Depths:1 | Noticed the Enchantress
 69937 | Depths:1 | Killed the Enchantress
 70105 | Depths:1 | Reached XP level 23. HP: 211/211 MP: 33/41
 70153 | Depths:1 | Found Sepruytz's Distillery.
 70194 | Depths:1 | Bought a potion of brilliance for 60 gold pieces
 70194 | Depths:1 | Bought a potion of brilliance for 60 gold pieces
 70194 | Depths:1 | Bought a potion of heal wounds for 75 gold pieces
 70462 | Depths:1 | Learned a level 9 spell: Fire Storm
 71378 | Depths:1 | Found a gateway to Hell.
 71595 | Depths:1 | Upgraded the game from 0.32-a0-520-g344ed53f66 to
                  | 0.32-a0-540-g866d13106e
 71771 | Depths:2 | Reached skill level 22 in Fire Magic
 71873 | Depths:2 | Noticed Sojobo
 71886 | Depths:1 | Killed Sojobo
 72431 | Depths:2 | Noticed Vv
 73185 | Depths:2 | Found a one-way gate leading to the halls of Pandemonium.
 73326 | Depths:2 | Reached skill level 15 in Spellcasting
 74242 | Depths:2 | Found the +10 tower shield of Ignorance {rN+ Int-4}
 74888 | Depths:2 | Killed Vv
 74946 | Depths:2 | Noticed a juggernaut
 74961 | Depths:2 | Killed a juggernaut
 75601 | Depths:2 | Identified the +0 chain mail of Valiance {+Inv rF++ Int-5
                  | Dex+2}
 75966 | Depths:3 | Found a one-way gate to the infinite horrors of the Abyss.
 76188 | Depths:3 | Reached skill level 23 in Fire Magic
 76677 | Depths:3 | Identified the ring of Ischixt Zune {Ice Fly Will+ MP+9
                  | Str+2}
 77528 | Depths:3 | Reached XP level 24. HP: 209/221 MP: 36/42
 77746 | Depths:3 | Identified the amulet "Uhafet" {Spirit rF+ rN+ rCorr}
 77986 | Depths:3 | Found a one-way gateway to a ziggurat.
 78112 | Depths:3 | Identified the +1 mace of Doty {flame, rPois}
 78587 | Depths:3 | Found a stormy altar of Qazlal.
 78588 | Depths:3 | Found a stormy altar of Qazlal.
 78589 | Depths:3 | Found a snail-covered altar of Cheibriados.
 78589 | Depths:3 | Found a hazy altar of Hepliaklqana.
 79208 | Depths:3 | Found a runed translucent door.
 79211 | Depths:3 | Found a runed translucent door.
 79211 | Depths:3 | Found a runed translucent door.
 79301 | Depths:3 | Reached skill level 24 in Fire Magic
 79588 | Depths:3 | Identified the +6 orcbow of Misery {speed, Str+5}
 79949 | Depths:3 | Found a runed translucent door.
 80924 | Depths:3 | Identified the +0 ring mail "Zaixegoy" {Fly Will- rCorr
                  | Dex+6}
 80934 | Depths:3 | Identified the +4 shortbow "Goppasoy" {freeze, rElec}
 80944 | Depths:3 | Identified the +2 leather armour of the Slorg {rPois Str+3
                  | Int-4 Dex+3}
 81571 | Depths:3 | Identified the +9 scale mail "Buprij" {rC- Str+7 Int+3
                  | Stlth+}
 81702 | Depths:4 | Entered Level 4 of the Depths
 81826 | Depths:4 | HP: 8/221 [acid (8)]
 82536 | Depths:4 | Reached skill level 25 in Fire Magic
 83812 | Depths:4 | Reached XP level 25. HP: 227/227 MP: 43/43
 83988 | Depths:4 | Noticed a juggernaut
 83999 | Depths:4 | Killed a juggernaut
 84489 | Depths:4 | Found a gate to the Realm of Zot.
 84543 | Depths:4 | Found a basalt altar of Yredelemnul.
 84946 | Vaults:5 | Entered Level 5 of the Vaults
 85102 | Vaults:5 | Noticed a dread lich
 85403 | Vaults:4 | Killed a dread lich
 85632 | Vaults:5 | Noticed an ancient lich
 85634 | Vaults:5 | Killed an ancient lich
 85683 | Vaults:5 | Noticed an ancient lich
 86113 | Vaults:5 | Noticed an ancient lich
 86123 | Vaults:5 | Killed an ancient lich
 86730 | Vaults:5 | Identified the staff "Huczon" {rElec Str+3 Summ Air}
 86734 | Vaults:5 | Got a silver rune of Zot
 86798 | Vaults:5 | Noticed a dread lich
 86802 | Vaults:5 | Killed a dread lich
 86845 | Vaults:5 | Identified the ring of Gegi Yss {rC+ rN+ Int+6}
 87117 | Vaults:5 | Identified the +5 orcbow of Darkness {freeze, rPois rN+}
 87143 | Vaults:5 | Killed an ancient lich
 87563 | Vaults:5 | Identified the staff "Orb Guardian's Peril" {rPois rC+ Ice
                  | Earth}
 87617 | Vaults:5 | Found Aluv's General Store.
 87619 | Vaults:5 | Noticed a dread lich
 87628 | Vaults:5 | Killed a dread lich
 87725 | Vaults:5 | Identified the staff of the Spectre {^Contam rN+ Int+5 Summ
                  | Necro}
 88015 | Vaults:5 | Upgraded the game from 0.32-a0-540-g866d13106e to
                  | 0.32-a0-560-g4c7f4391e0
 88249 | Orc:2    | Bought 2 potions of haste for 280 gold pieces
 88513 | D:3      | Bought a potion of haste for 130 gold pieces
 88513 | D:3      | Bought a potion of haste for 130 gold pieces
 88830 | Shoals:4 | Bought a potion of heal wounds for 140 gold pieces
 88830 | Shoals:4 | Bought a scroll of enchant armour for 210 gold pieces
 89136 | D:3      | Bought a scroll of enchant armour for 97 gold pieces
 89452 | Vaults:5 | Bought +1 ice dragon scales for 1474 gold pieces
 89665 | D:12     | You paid a toll of +6 ice dragon scales to enter a treasure
                  | trove
 89666 | Trove    | Entered a treasure trove
 89691 | Trove    | Identified the staff of the Twisting Butterfly {Will+ MP+9
                  | Conj}
 89964 | Slime:1  | Reached XP level 26. HP: 238/242 MP: 43/43
 91615 | Slime:5  | Entered Level 5 of the Pits of Slime
 91899 | Slime:5  | Gained mutation: You occasionally shout uncontrollably at
                  | your foes. [a shining eye]
 92149 | Slime:5  | Noticed the Royal Jelly
 92157 | Slime:5  | Killed the Royal Jelly
 92605 | Slime:5  | Reached skill level 10 in Evocations
 92609 | Slime:5  | Identified the +7 great mace of the Tooth {holy, rN++}
 92620 | Slime:5  | Identified the +1 scale mail of Geko {Dex+3 SInv Stlth+}
 92714 | Slime:5  | Identified the +5 flail "Ichox" {drain, Dex+3}
 92719 | Slime:5  | Identified the +1 flail of the Freezing Rat {elec, Fly rC-
                  | Dex+6}
 92855 | Slime:5  | Got the Incunable of Solvents and Firn
 92857 | Slime:5  | Got Sif Muna's Discursus on Turbulent Rubedo
 92859 | Slime:5  | Got a slimy rune of Zot
 92860 | Slime:5  | Identified the +7 scimitar "Holaqoah" {flame, Will++ Int+5
                  | Dex-3}
 92922 | Slime:5  | Identified the ring "Kotuom" {rPois rC++ MP+9}
 92928 | Slime:5  | Identified the ring "Teaporop" {*Corrode rN++ Will+ Dex+6}
 93323 | Zot:1    | Entered Level 1 of the Realm of Zot
 94315 | Zot:1    | Reached skill level 10 in Armour
 94673 | Zot:1    | Identified the +7 short sword of Karma {flame, rPois rC+
                  | Str+5 Dex-4}
 96201 | Zot:2    | Reached skill level 15 in Shields
 96382 | Zot:2    | Found a huge runed translucent gate.
 96383 | Zot:2    | Found a huge runed translucent gate.
 96383 | Zot:2    | Found a huge runed translucent gate.
 96384 | Zot:2    | Found a huge runed translucent gate.
 96385 | Zot:2    | Found a huge runed translucent gate.
 96385 | Zot:2    | Found a huge runed translucent gate.
 96386 | Zot:2    | Found a huge runed translucent gate.
 96386 | Zot:2    | Found a huge runed translucent gate.
 96387 | Zot:2    | Found a huge runed translucent gate.
 96387 | Zot:2    | Found a huge runed translucent gate.
 96388 | Zot:2    | Found a huge runed translucent gate.
 96388 | Zot:2    | Found a huge runed translucent gate.
 96389 | Zot:2    | Found a huge runed translucent gate.
 96391 | Zot:2    | Found a huge runed translucent gate.
 96392 | Zot:2    | Found a huge runed translucent gate.
 96392 | Zot:2    | Found a huge runed translucent gate.
 96393 | Zot:2    | Found a huge runed translucent gate.
 96398 | Zot:2    | Found a huge runed translucent gate.
 96399 | Zot:2    | Found a huge runed translucent gate.
 96399 | Zot:2    | Found a huge runed translucent gate.
 96782 | Zot:2    | Found a huge runed translucent gate.
 96782 | Zot:2    | Found a huge runed translucent gate.
 96782 | Zot:2    | Found a huge runed translucent gate.
 96787 | Zot:2    | Found a huge runed translucent gate.
 96787 | Zot:2    | Found a huge runed translucent gate.
 96787 | Zot:2    | Found a huge runed translucent gate.
 96787 | Zot:2    | Found a huge runed translucent gate.
 96789 | Zot:2    | Found a huge runed translucent gate.
 96790 | Zot:2    | Found a huge runed translucent gate.
 96791 | Zot:2    | Found a huge runed translucent gate.
 96792 | Zot:2    | Found a huge runed translucent gate.
 96793 | Zot:2    | Found a huge runed translucent gate.
 96794 | Zot:2    | Found a huge runed translucent gate.
 96794 | Zot:2    | Found a huge runed translucent gate.
 96799 | Zot:2    | Found a huge runed translucent gate.
 96800 | Zot:2    | Found a huge runed translucent gate.
 96876 | Zot:2    | Noticed an ancient lich
 96876 | Zot:2    | Noticed an orb of fire
 96876 | Zot:2    | Noticed a dread lich
 97602 | Zot:3    | Learned a level 9 spell: Shatter
 97609 | Zot:3    | Learned a level 6 spell: Plasma Beam
 98132 | Zot:3    | Noticed an orb of fire
 98141 | Zot:3    | Killed an orb of fire
 98452 | Zot:3    | Reached skill level 15 in Earth Magic
 98747 | Zot:4    | Found a transporter.
 98814 | Zot:4    | Found a transporter.
 98858 | Zot:4    | Reached XP level 27. HP: 208/255 MP: 43/43
 99671 | Zot:4    | Identified the +0 spear "Poschih" {elec, rF++}
 99672 | Zot:4    | Noticed an orb of fire
 99681 | Zot:4    | Identified the amulet of Ecwakoem {rF++ Regen+ Str+4}
 99700 | Zot:4    | HP: 4/255 [orb of fire/bolt of fire (68)]
100166 | Zot:4    | Killed an orb of fire
100318 | Zot:4    | Identified the amulet of the Weak God {Spirit ^Drain *Slow
                  | Will+ Str+7 Int+2}
100384 | Zot:5    | Entered Level 5 of the Realm of Zot
101204 | Zot:5    | Upgraded the game from 0.32-a0-560-g4c7f4391e0 to
                  | 0.32-a0-571-gec57dfcd37
101233 | Zot:5    | Noticed an orb of fire
101292 | Zot:5    | Noticed an orb of fire
101449 | Zot:5    | Gained mutation: You are weak. (Str -2) [an orb of fire]
101451 | Zot:5    | Killed an orb of fire
101552 | Zot:5    | Noticed an ancient lich
101573 | Zot:5    | Killed an ancient lich
101641 | Zot:5    | Noticed an ancient lich
101644 | Zot:5    | Killed an orb of fire
101651 | Zot:5    | Killed an ancient lich
102462 | Zot:5    | Got the Orb of Zot
102760 | D:15     | Noticed Arphikung the pandemonium lord
102761 | D:15     | Killed Arphikung the pandemonium lord
102961 | D:8      | Noticed Ehachis the pandemonium lord
103136 | D:$      | Escaped with the Orb!

Illustrated notes

Levels and vault maps discovered:
D:1:      spicycebolla_arrival_transporter_tutorial, layout_basic,
          serial_bayou_pond_c
D:2:      layout_basic, basic_altar
D:3:      layout_rooms, nicolae_dithmenos_through_a_glass_darkly,
          nicolae_gozag_seed_capital, serial_shops, shop, shop,
          nicolae_diamond_shop, nicolae_shop_industrial_runoff
D:4:      layout_basic, xom_teletrap_fun, minmay_temple_entry_water_ring,
          serial_shops, shop_fountains, nicolae_shop_trees, shop, uniq_menkaure
D:5:      layout_rooms, tso_altar, marbit_many_paths,
          mainiacjoe_overflow_catwalk_spiral, minmay_quadrilaterals,
          uniq_duvessa, uniq_sigmund
D:6:      layout_cave_pools
D:7:      layout_loops_corners, chei_slow_surprise, columned_hall_lemuel,
          uniq_maggie
D:8:      layout_cave_pools, bloody_makhleb
D:9:      layout_big_octagon, mainiacjoe_overflow_paths, serial_shops, shop,
          serial_gnoll_camp, gnoll_camp_mini_hut, gnoll_camp_mini_basic,
          gnoll_camp_mini_basic, gnoll_camp_huts_basic, gnoll_camp_mini_shop
D:10:     layout_basic, elyvilon_altar_1, nicolae_uskayaw_suspiria,
          nicolae_beast_mode, uniq_snorg, uniq_grum
D:11:     slaughterhouse, layout_loops_ring, due_lair_maze_entry_diamond
D:12:     layout_cave_pools, erik_orc_2, ebering_ghost_disaster_area,
          nicolae_trove_entry_isolated
D:13:     layout_roguey, grunt_vaults_entry_fortified, minivault_1
D:14:     layout_basic, nicolae_the_louvre, gauntlet_entry_generic
D:15:     hangedman_depths_entry_try_elsewhere_first, layout_loops_ring,
          kennysheep_flooded_box, uniq_nessos, uniq_roxanne
Temple:   nicolae_temple_bog_church
Lair:1:   minmay_lair_venomous_thicket, layout_gridlike,
          infiniplex_staircase_pool
Lair:2:   layout_chaotic_city, dummy_snake_entry, grunt_megastairs_3
Lair:3:   layout_small_grid, nicolae_shoals_entry_roost
Lair:4:   layout_misc_corridors, nicolae_slime_entry_field_trip,
          nzn_sisyphean_effort
Lair:5:   guppyfry_lair_end_dragon, layout_cave_pods,
          hangedman_lair_tendril_chambers, uniq_urug
Shoals:1: layout_shoals, uniq_mlioglotl
Shoals:2: layout_shoals, uniq_polyphemus
Shoals:3: layout_shoals, serial_shops, nicolae_shop_window_shopping,
          ebering_ghost_gozag, uniq_nikola
Shoals:4: shoals_end_simple, layout_shoals, shoal_ilsuiw, serial_shops, shop,
          overgrown_tower
Snake:1:  layout_misc_corridors, nicolae_snake_scaly_snakehead,
          grunt_megastairs_4
Snake:2:  layout_honeycomb
Snake:3:  layout_misc_corridors
Snake:4:  hellmonk_snake_rune_quicksilver_temple, layout_chambers, serial_shops,
          nicolae_shop_tiny_glass, serial_bayou_shore_a, minmay_shop_star
Slime:1:  layout_caves
Slime:2:  layout_caves
Slime:3:  layout_caves
Slime:4:  layout_caves, nicolae_slime_phagocytosis
Slime:5:  slime_pit_nicolae_inversion
Orc:1:    layout_diamond_mine, serial_shops, shop, uniq_nergalle, uniq_harold
Orc:2:    st_orc_mages, layout_caves, serial_shops, bzr_entry_road
Elf:1:    layout_geoelf_octagon, serial_shops, shop, guppyfry_library_mini,
          nicolae_shop_i_like_small_books_too,
          nicolae_elf_free_trip_to_the_abyss, minmay_shoptagon
Elf:2:    elven_hall_of_blades_hangedman_alternative
          [nicolae_blade_entry_crossed_weapons], layout_gridlike
Elf:3:    grunt_elf_hall_diamonds, layout_geoelf_octagon, serial_shops, shop
Vaults:1: nicolae_vaults_diagonal_hallway_6, nicolae_vaults_little_squares_2,
          hellmonk_guarded_unrand_gong, hangedman_vaults_slither,
          ontoclasm_vaults_ring_square, nicolae_vaults_yaktaur_gun_rack,
          nicolae_vaults_layer_cake_slice, ontoclasm_vaults_decontamination,
          nicolae_vaults_puzzle_piece, nicolae_vaults_little_squares_4,
          nicolae_vaults_tetromino_T_1, layout_vaults_chaotic_city, uniq_norris
Vaults:2: nicolae_vaults_ellipses_ellipsis, nicolae_vaults_network_quincunx
          [nicolae_vaults_network_quincunx_subvault,
          nicolae_vaults_network_quincunx_subvault,
          nicolae_vaults_network_quincunx_subvault,
          nicolae_vaults_network_quincunx_subvault,
          nicolae_vaults_network_quincunx_subvault], nicolae_vaults_wrenched,
          nicolae_vaults_storage_room_water, serial_ice_m,
          nicolae_vaults_little_squares_2, vaults_room_corners,
          layout_vaults_omnigrid, serial_shops, nicolae_shop_overgrown_old_shop,
          uniq_mara
Vaults:3: hangedman_vaults_corner_blocks, hangedman_vaults_maws, v_misc_12,
          nicolae_vaults_windows_and_doors_thing, v_misc_3, v_misc_30,
          nicolae_vaults_closet_pinwheel_6, nicolae_vaults_tetromino_T_1,
          nicolae_vaults_circle_grid_b, nicolae_vaults_oozy_zoo,
          minmay_crypt_entry_skeletal_spiral, vaults_room_hallway,
          nicolae_vaults_house_1, layout_vaults_omnicross, serial_shops,
          bzr_in_the_mist, shop, nicolae_shop_pleasant_corner_grove,
          uniq_zenata, uniq_margery, uniq_frederick
Vaults:4: nicolae_vaults_trapezoid_lopsided_4, v_misc_26,
          hangedman_vaults_stitches, nicolae_vaults_three_branches,
          vaults_mumra_chevron_long, nicolae_vaults_meiosis,
          nicolae_vaults_angled_halls, nicolae_vaults_trapezoid_3,
          nicolae_vaults_weapon_check, nicolae_vaults_taking_the_gang_shopping,
          nicolae_vaults_trapezoid_1, layout_vaults_omnibox, serial_shops, shop,
          serial_glass
Vaults:5
Crypt:1:  layout_misc_corridors, serial_glass, glass_columns_a, glass_columns_b,
          glass_columns_a, glass_columns_b, glass_columns_a, glass_columns_a,
          glass_columns_b, glass_columns_a, glass_columns_b, glass_columns_b
Crypt:2:  layout_misc_corridors, nicolae_crypt_niches, st_stairs_6
Crypt:3:  grunt_crypt_end_deaths_head, uniq_josephina
Depths:1: layout_long_grid, grunt_hell_entry_dis_grunt, serial_shops,
          nicolae_shop_tiny_glass, dispersion_dpeg, uniq_enchantress
Depths:2: cheibrodos_spurs, layout_cave_pools, hangedman_glass_teeth,
          hell_entry, rand_demon_pan_entry_3, uniq_vv, uniq_sojobo
Depths:3: minmay_the_grid_ultimate [minmay_the_grid_prize_trominoes,
          minmay_the_grid_prize_inner_circle,
          minmay_the_grid_prize_four_corners_diamond_b,
          minmay_the_grid_prize_trominoes,
          minmay_the_grid_square_5x5_tetrominoes,
          minmay_the_grid_square_5x5_detours,
          minmay_the_grid_square_5x5_pentomino_r,
          minmay_the_grid_square_5x5_tri_point,
          minmay_the_grid_square_5x5_fat_x,
          minmay_the_grid_square_5x5_three_walls,
          minmay_the_grid_square_5x5_dogpile, minmay_the_grid_square_5x5_meh,
          minmay_the_grid_square_5x5_comb, minmay_the_grid_square_5x5_tie,
          minmay_the_grid_square_5x5_n, minmay_the_grid_square_5x5_empty,
          minmay_the_grid_square_5x5_two_walls_a,
          minmay_the_grid_square_5x5_bridge,
          minmay_the_grid_square_5x5_inverted_slash,
          minmay_the_grid_triangle_9x9_checkered,
          minmay_the_grid_triangle_9x9_odd_lines,
          minmay_the_grid_triangle_9x9_alien,
          minmay_the_grid_triangle_9x9_flanged_cone,
          minmay_the_grid_triangle_9x9_limited_checkers,
          minmay_the_grid_triangle_9x9_subtriangle,
          minmay_the_grid_triangle_9x9_windchime,
          minmay_the_grid_triangle_9x9_dagger,
          minmay_the_grid_triangle_9x9_pentomino_pain,
          minmay_the_grid_triangle_9x9_fully_insulated_deathbox,
          minmay_the_grid_triangle_9x9_steps,
          minmay_the_grid_triangle_9x9_minimal,
          minmay_the_grid_triangle_9x9_skeleton,
          minmay_the_grid_triangle_9x9_wacky_v,
          minmay_the_grid_triangle_9x9_from_above,
          minmay_the_grid_triangle_9x9_sparse_checkered,
          minmay_the_grid_square_5x5_gyroscope, minmay_the_grid_octo_horde,
          minmay_the_grid_octo_thin_diamonds,
          minmay_the_grid_octo_tetromino_candy, minmay_the_grid_octo_clover_2,
          minmay_the_grid_octo_chip, minmay_the_grid_octo_fat_diamond,
          minmay_the_grid_octo_shrine, minmay_the_grid_octo_fan_narrow,
          minmay_the_grid_tri_star, minmay_the_grid_paths,
          minmay_the_grid_broken_lines, minmay_the_grid_garden], abyss_entry,
          pan_entry, hell_entry
Depths:4: grunt_zot_entry_bicorn, layout_honeycomb, pf_hell_entry_tar_river,
          yredelemnul_altar_generic, kilobyte_rumbling_trees,
          serial_bayou_shore_b
Zot:1:    layout_twisted_circle, lemuel_golem_globe
Zot:2:    layout_twisted_circle, grunt_ministairs_10,
          regret_index_zotdec_icy_dp, regret_index_zotdec_split_disrupt,
          door_vault
Zot:3:    layout_gridville, grunt_megastairs_1
Zot:4:    gammafunk_dig_for_victory, layout_basic, grunt_ministairs_6,
          lemuel_baited_zot_trap
Zot:5:    layout_cathedral_of_symmetry

Skill      XL: |  1  2  3  4  5  6  7  8  9 10 11 12 13 14 15 16 17 18 19 20 21 22 23 24 25 26 27 |
---------------+----------------------------------------------------------------------------------+-----
Conjurations   | 1 2 3 4 5 6 8 10 11 14 15 16 18 19 21 | 21.2
Spellcasting   | 2 3 4 5 6 7 8 9 10 11 12 13 14 15 16 17 | 17.4
Fire Magic     | 4 5 6 7 8 9 10 12 17 18 20 21 23 25 | 25.4
Staves         | 1 2 3 4 5 6 8 9 10 11 12 | 12.0
Fighting       | 1 4 5 6 8 10 11 12 14 15 17 18 19 20 22 | 22.3
Armour         | 1 3 5 6 7 10 | 10.0
Evocations     | 5 6 7 14 | 14.5
Shields        | 4 5 7 9 10 11 14 15 | 15.0
Earth Magic    | 4 8 10 11 13 14 15 18 | 18.9
Dodging        | 4 6 8 9 |  9.0
Hexes          | 6 |  6.1
Alchemy        | 3 |  3.5
Stealth        | |  1.6

Action                     |  1- 3 |  4- 6 |  7- 9 | 10-12 | 13-15 | 16-18 | 19-21 | 22-24 | 25-27 || total
---------------------------+-------+-------+-------+-------+-------+-------+-------+-------+-------++-------
  Melee: Short sword       |     9 |       |       |       |       |       |       |       |       ||     9
         Staff             |     6 |    27 |    46 |    86 |   310 |   373 |   611 |   627 |   536 ||  2622
  Throw: Dart              |       |       |     2 |       |       |       |     1 |     2 |     1 ||     6
   Cast: Foxfire           |    47 |    41 |    86 |   120 |   186 |   169 |    67 |     2 |       ||   718
         Scorch            |     2 |    23 |    72 |   189 |   202 |   245 |   155 |    98 |     3 ||   989
         Flame Wave        |       |       |    11 |    56 |    61 |    17 |     6 |     1 |       ||   152
         Stone Arrow       |       |       |       |    17 |       |    16 |    23 |   102 |    73 ||   231
         Bombard           |       |       |       |       |    34 |    46 |    97 |   227 |   244 ||   648
         Ignition          |       |       |       |       |    27 |   196 |   237 |   242 |    58 ||   760
         Iskenderun's Myst |       |       |       |       |       |    36 |     1 |    76 |    97 ||   210
         Yara's Violent Un |       |       |       |       |       |     2 |    22 |    33 |    18 ||    75
         Orb of Destructio |       |       |       |       |       |       |    30 |    82 |   117 ||   229
         Fire Storm        |       |       |       |       |       |       |       |     1 |    26 ||    27
         Plasma Beam       |       |       |       |       |       |       |       |       |     6 ||     6
         Shatter           |       |       |       |       |       |       |       |       |     1 ||     1
  Evoke: Wand              |       |       |     5 |     5 |     3 |     9 |    14 |    11 |    14 ||    61
         Box of beasts     |       |       |       |     2 |     1 |       |       |     2 |     2 ||     7
         Phial of floods   |       |       |       |       |       |       |     1 |     1 |       ||     2
    Use: Scroll            |     2 |     1 |     7 |     6 |     9 |    12 |     4 |     4 |    15 ||    60
         Potion            |       |       |       |     2 |     3 |       |     5 |     3 |    19 ||    32
   Stab: Sleeping          |     1 |       |       |       |       |       |       |       |       ||     1
         Paralysed         |       |       |     8 |       |       |     3 |       |       |       ||    11
         Petrifying        |       |       |       |       |     1 |       |       |       |       ||     1
         Petrified         |       |       |       |       |       |     4 |       |       |       ||     4
 Armour: Robe              |    16 |    10 |       |       |       |       |       |       |       ||    26
         Leather armour    |       |    11 |    36 |       |       |       |       |       |       ||    47
         Ring mail         |       |       |    42 |   208 |   439 |   482 |   507 |   773 |    18 ||  2469
         Scale mail        |       |       |       |       |       |       |       |       |   613 ||   613
  Dodge: Dodged            |    15 |    31 |    51 |   103 |   198 |   172 |   177 |   236 |   221 ||  1204
         Repelled          |       |       |       |       |       |       |    17 |    15 |       ||    32
  Block: Buckler           |       |       |       |    50 |   105 |     8 |       |       |       ||   163
         Kite shield       |       |       |       |       |       |   211 |   269 |   408 |   314 ||  1202

Table legend: (Time is in decaauts)
 A = Elapsed time spent in this place.
 B = Non-inter-level travel time spent in this place.
 C = Inter-level travel time spent in this place.
 D = Time resting spent in this place.
 E = Time spent auto-exploring this place.
 F = Levels seen in this place.
 G = Mean time per level.
                   A        B        C        D        E       F      G
               +--------+--------+--------+--------+--------+-----+--------+
         Total | 102813 |  92461 |  10352 |  35646 |  24874 |  60 | 1713.6 |
       Dungeon |  23605 |  19197 |   4408 |   5753 |   9167 |  15 | 1573.7 |
        Temple |     55 |      2 |     53 |      0 |      0 |   1 |   55.0 |
          Lair |   9410 |   8350 |   1060 |   2780 |   2042 |   5 | 1882.0 |
        Shoals |   6659 |   6048 |    611 |   2083 |   2116 |   4 | 1664.8 |
     Snake Pit |   8581 |   7837 |    744 |   2882 |   1916 |   4 | 2145.2 |
    Slime Pits |   2960 |   2856 |    104 |    933 |    692 |   5 |  592.0 |
  Orcish Mines |   2091 |   1540 |    551 |    295 |    518 |   2 | 1045.5 |
   Elven Halls |   5301 |   5114 |    187 |   2563 |   1131 |   3 | 1767.0 |
        Vaults |  13752 |  12523 |   1229 |   4358 |   2652 |   5 | 2750.4 |
         Crypt |   5260 |   5111 |    149 |   1907 |   1056 |   3 | 1753.3 |
        Depths |  14733 |  13816 |    917 |   7604 |   1914 |   4 | 3683.2 |
           Zot |   9226 |   8894 |    332 |   4289 |   1210 |   5 | 1845.2 |
        Bazaar |    441 |    441 |      0 |    106 |    140 |   2 |  220.5 |
         Trove |     61 |     61 |      0 |      0 |      0 |   1 |   61.0 |
      Gauntlet |    674 |    674 |      0 |     91 |    319 |   1 |  674.0 |
               +--------+--------+--------+--------+--------+-----+--------+

Top non-repeatable levels by time:
Depths:3: 4680 daAuts
Depths:2: 4658 daAuts
Vaults:1: 3434 daAuts
Depths:1: 3329 daAuts
 Crypt:3: 3298 daAuts
 Snake:1: 2979 daAuts
Vaults:3: 2854 daAuts
    D:11: 2820 daAuts
  Lair:5: 2748 daAuts
Vaults:2: 2636 daAuts
    D:13: 2554 daAuts
Vaults:5: 2480 daAuts
   Elf:2: 2453 daAuts
Vaults:4: 2346 daAuts
 Snake:4: 2155 daAuts
